 Dungeon Crawl Stone Soup version 0.16.1-11-g651b585 (webtiles) character file.

249 abixa the Ruffian (level 5, -1/53 HPs)
             Began as a Troll Fighter on Mar 31, 2015.
             Slain by a sky beast (3 damage)
             ... on level 5 of the Dungeon.
             The game lasted 00:08:49 (2729 turns).

abixa the Ruffian (Troll Fighter)                   Turns: 2729, Time: 00:08:49

Health: -1/53      AC:  0    Str: 24    XL:     5   Next: 86%
Magic:  2/2        EV:  7    Int:  4    God:
Gold:   229        SH:  9    Dex: 10    Spells: 0 memorised, 4 levels left

rFire  . . .     SeeInvis .       - Unarmed
rCold  . . .     Clarity  .     b - +0 robe
rNeg   . . .     SustAb   .     c - +0 shield
rPois  .         Gourm    +     (helmet restricted)
rElec  .         Spirit   .     (no cloak)
rCorr  .         Warding  .     (gloves unavailable)
rMut   .         Stasis   .     (boots unavailable)
MR     .....                    (no amulet)
Stlth  +.........               (no ring)
                                (no ring)

@: corroded equipment, not resistant to hostile enchantments, very unstealthy
A: unfitting armour, claws 3, fast metabolism 3, gourmand, regeneration 2,
shaggy fur 1, tough skin 2
a: no special abilities


You were on level 5 of the Dungeon.
You were full.

You visited 1 branch of the dungeon, and saw 5 of its levels.

You collected 229 gold pieces.

Inventory:

Hand weapons
 w - a +1 dagger of venom
Missiles
 f - 198 stones (quivered)
 r - 21 poisoned needles
 s - 42 sling bullets
 v - 6 needles of frenzy
Armour
 b - a +0 robe (worn)
 c - a +0 shield (worn)
Jewellery
 p - a cursed -2 ring of protection {unknown}
 L - an uncursed ring of ice {unknown}
Magical devices
 u - a wand of cold (6)
 y - a wand of random effects (29)
Scrolls
 d - a scroll of fear {unknown}
 h - a scroll of enchant armour {unknown}
 j - 2 scrolls of recharging {unknown}
 k - 3 scrolls of enchant weapon {unknown}
 l - 3 scrolls of amnesia {unknown}
 n - 2 scrolls of teleportation {unknown}
 q - a scroll of blinking {unknown}
 t - 2 scrolls of magic mapping {unknown}
 F - 2 scrolls of identify {unknown}
 M - a scroll of fog {unknown}
Potions
 e - a potion of might
 m - 3 potions of curing {unknown}
 o - 2 potions of poison {unknown}
 x - a potion of ambrosia {unknown}
 z - a potion of mutation {unknown}
 A - a potion of agility {unknown}
 B - a potion of resistance {unknown}
 C - a potion of cure mutation {unknown}
 D - a potion of lignification {unknown}
 G - a potion of heal wounds {unknown}
 H - a potion of haste {unknown}
Books
 J - a book of Enchantments

   Spells                             Type                      Level
   a - Tukima's Dance                 Hexes                        3
   b - Cause Fear                     Hexes                        4
   c - Silence                        Hexes/Air                    5
   d - Deflect Missiles               Charms/Air                   6
   e - Haste                          Charms                       6
   f - Discord                        Hexes                        8
 K - a book of the Dragon

   Spells                             Type                      Level
   a - Flight                         Charms/Air                   3
   b - Cause Fear                     Hexes                        4
   c - Bolt of Fire                   Conjuration/Fire             6
   d - Dragon Form                    Transmutation                7
   e - Dragon's Call                  Summoning                    9
Comestibles
 a - 6 meat rations
 g - 3 bread rations
 i - 2 beef jerkies
 E - 5 fruits
 I - a slice of pizza
 N - 3 chunks of flesh


   Skills:
 + Level 3.0 Fighting
 - Level 2.4 Armour
 + Level 3.0 Shields
 * Level 5.3 Unarmed Combat


You had 4 spell levels left.
You didn't know any spells.

Dungeon Overview and Level Annotations

Branches:
Dungeon (5/15)
 Temple: D:4-7

Altars:
Fedhas

Shops:
D:4 :


Innate Abilities, Weirdness & Mutations

You are too large for most types of armour.
You have claws for hands.
Your metabolism is lightning-fast.
You like to eat raw meat.
You heal very quickly.
You are covered in fur (AC +1).
You have very tough skin (AC +2).


Message History

You claw the jelly!
Your claws burn!
The jelly is severely wounded.
You block the jelly's attack.
You scratch the jelly.
Your claws burn!
The jelly is severely wounded.
The jelly hits you but does no damage.
You scratch the jelly.
Your claws burn!
The jelly is almost dead.
The jelly hits you but does no damage.
You barely miss the jelly.
The jelly is almost dead.
The jelly hits you.
You are splashed with acid!
The acid corrodes your equipment!
The acid burns!
You block the jelly's attack. The jelly hits you.
You are splashed with acid!
The acid burns!
There is a stone staircase leading up here.
The jelly hits you.
You are splashed with acid!
The acid burns!
* * * LOW HITPOINT WARNING * * *
Something hits you.
You die...

#.#...#.#
##########..#.#.##
..........<..#.##
##########.##.##
#.##.# #.##.# ##
#....# ##.#####.#
#####..@## #.#
....)...J.# #.#
#####(..####.#
##..(....#
#.#####.# #. #.#
.. #.# .>. #.# ...
.[#


You could see a jelly.

Vanquished Creatures
  A centaur (D:4)
  A hound (D:4)
  A worker ant (D:5)
  4 adders
  A giant mite (D:1)
  A worm (D:3)
  2 giant geckos (D:2)
  An ooze (D:2)
  11 hobgoblins
  3 jackals (D:2)
  A ball python (D:1)
  5 bats
  8 giant cockroaches
  11 goblins
  11 kobolds
  7 rats
69 creatures vanquished.

Notes
Turn   | Place    | Note
--------------------------------------------------------------
     0 | D:1      | abixa, the Troll Fighter, began the quest for the Orb.
     0 | D:1      | Reached XP level 1. HP: 22/22 MP: 1/1
   238 | D:1      | Reached skill level 3 in Unarmed Combat
   238 | D:1      | Reached XP level 2. HP: 17/29 MP: 1/1
   773 | D:2      | Reached XP level 3. HP: 28/36 MP: 2/2
  1201 | D:2      | Reached skill level 4 in Unarmed Combat
  1599 | D:3      | Reached XP level 4. HP: 41/44 MP: 2/2
  2171 | D:4      | Found a blossoming altar of Fedhas.
  2176 | D:4      | Noticed a centaur
  2189 | D:4      | Reached XP level 5. HP: 50/50 MP: 2/2
  2215 | D:4      | Killed a centaur
  2215 | D:4      | Reached skill level 5 in Unarmed Combat
  2400 | D:4      | Found Eqofank's Book Boutique.
  2679 | D:5      | Entered Level 5 of the Dungeon
  2721 | D:5      | Noticed a sky beast
  2729 | D:5      | HP: 2/53 [acid (14)]
  2729 | D:5      | Slain by a sky beast

Action                   |  1- 3 |  4- 6 || total
-------------------------+-------+-------++-------
Melee: Unarmed           |   126 |    83 ||   209
Throw: Stone             |       |    21 ||    21
 Stab: Sleeping          |       |     1 ||     1
  Eat: Chunk             |    20 |     7 ||    27
